 Dungeon Crawl Stone Soup version 0.28.0-43-g3370ac3207 (webtiles) character file.

Game seed: 7627004512300190377

2661 cbfl8 the Protected (level 9, -3/78 HPs)
             Began as a Minotaur Delver on Mar 23, 2022.
             Was a Priest of Zin.
             Slain by a two-headed ogre
             ... wielding a +0 giant club
              (25 damage)
             ... on level 7 of the Dungeon on Mar 24, 2022.
             The game lasted 00:16:50 (7733 turns).

cbfl8 the Protected (Minotaur Delver)               Turns: 7733, Time: 00:16:50

Health: -3/78      AC: 16    Str: 20    XL:     9   Next: 36%
Magic:  8/8        EV: 12    Int: 10    God:    Zin [***...]
Gold:   81         SH:  0    Dex: 13    Spells: 8/8 levels left

rFire   . . .      SeeInvis .   z - +2 flail "Liwky" {vorpal, Int+3}
rCold   + . .      Faith    .   (no shield)
rNeg    . . .      Spirit   .   r - +0 scale mail
rPois   .          Reflect  .   (helmet restricted)
rElec   .          Harm     .   C - +0 cloak
rCorr   .          Rampage  .   F - +2 pair of gloves
Will    .....                   (no boots)
Stlth   ++........              (no amulet)
HPRegen 0.23/turn               j - +4 ring of protection
MPRegen 0.11/turn               l - ring "Foiqumai" {rC+ Slay+2}

@: no status effects
A: horns 2, retaliatory headbutt
a: Renounce Religion, Recite, Vitalisation, Imprison, Donate Gold


You were on level 7 of the Dungeon.
You worshipped Zin.
Zin was most pleased with you.
You visited 2 branches of the dungeon, and saw 8 of its levels.

You collected 255 gold pieces.
You donated 174 gold pieces to Zin.

Inventory:

Hand Weapons
 a - a +0 hand axe of flaming
 z - the +2 flail "Liwky" (weapon) {vorpal, Int+3}
   (You found it on level 4 of the Dungeon)

   It inflicts extra damage upon your enemies.
   Int:       It affects your intelligence (+3).
 A - the +8 hand axe of Putrescence {vamp, rF+ Will+}
   (You found it on level 5 of the Dungeon)

   It occasionally heals its wielder for a portion of the damage dealt when it
   wounds a living foe.
   rF:        It protects you from fire.
   Will:      It increases your willpower.
   Zin disapproves of the use of such an item.
Missiles
 i - 6 boomerangs of dispersal (quivered)
Armour
 b - a +0 leather armour
 m - a +0 ring mail
 r - a +0 scale mail (worn)
 C - a +0 cloak (worn)
 F - a +2 pair of gloves (worn)
Jewellery
 j - a +4 ring of protection (left hand)
 l - the ring "Foiqumai" (right hand) {rC+ Slay+2}
   (You found it on level 4 of the Dungeon)

   [ring of protection from cold]

   Slay:      It affects your accuracy & damage with ranged weapons and melee
   (+2).
   rC:        It protects you from cold.
 p - a +4 ring of evasion
 t - a ring of ice
 B - a ring of positive energy
Wands
 g - a wand of digging (2)
Scrolls
 c - 7 scrolls of fog
 e - 2 scrolls of fear
 k - a scroll of vulnerability
 o - 4 scrolls of teleportation
 q - a scroll of magic mapping
 s - a scroll of enchant armour
 v - a scroll of noise
 y - a scroll of immolation {unknown}
 D - a scroll of enchant weapon {unknown}
 E - 2 scrolls of amnesia {unknown}
Potions
 d - 2 potions of flight {unknown}
 f - 2 potions of haste
 h - 3 potions of curing
 n - a potion of resistance
 u - a potion of brilliance
 w - a potion of lignification {unknown}
 x - 2 potions of heal wounds {unknown}
 G - a potion of ambrosia {unknown}
 H - a potion of mutation {unknown}


   Skills:
 + Level 6.8 Fighting
 + Level 6.4(8.0) Axes
 + Level 7.3(8.4) Maces & Flails
 + Level 8.0 Armour
 + Level 5.0 Dodging
 + Level 5.2 Stealth
 + Level 0.1 Invocations


You had 8 spell levels left.
You didn't know any spells.
Your spell library contained the following spells:

 Spells                   Type           Power      Damage    Failure   Level
 Shock                    Conj/Air       0%         1d3       67%         1
 Corpse Rot               Necr/Air       0%         N/A       80%         2
 Poisonous Vapours        Pois/Air       0%         N/A       80%         2
 Swiftness                Air            0%         N/A       95%         3
 Airstrike                Air            0%         N/A       100%        4
 Alistair's Intoxication  Tmut/Pois      0%         N/A       100%        5
 Borgnjor's Vile Clutch   Necr/Erth      0%         N/A       100%        5
 Eringya's Noxious Bog    Tmut/Pois      0%         N/A       100%        6


Dungeon Overview and Level Annotations

Branches:
Dungeon (7/15)             Temple (1/1) D:5

Altars:
Ashenzari
Cheibriados
Dithmenos
Elyvilon
Fedhas
Gozag
Hepliaklqana
Kikubaaqudgha
Makhleb
Nemelex Xobeh
Okawaru
Qazlal
Ru
Sif Muna
Trog
Uskayaw
Vehumet
Wu Jian
Xom
Yredelemnul
Zin
The Shining One

Shops:
D:3 [

Annotations:
D:6 2 runed translucent doors, issech's ghost, novice TrMo
D:7 Menkaure


Innate Abilities, Weirdness & Mutations

You have a pair of horns on your head.
You reflexively headbutt those who attack you in melee.


Message History

You can now call upon Zin to imprison the lawless.
You now have 81 gold pieces (gained 7).
A two-headed ogre comes into view.
It is wielding a +0 giant club and a +0 dire flail.
The two-headed ogre shouts in stereo!
The two-headed ogre moves out of view.
There is a broken door here.
Aiming: Imprison (65% risk of failure)
Press: ? - help, Dir - move target, f - two-headed ogre
Aim: a two-headed ogre, wielding a +0 giant club and a +0 dire flail You need more space to imprison the two-headed ogre.
You sock the two-headed ogre!
The two-headed ogre is lightly wounded.
You completely miss the two-headed ogre.
The two-headed ogre is lightly wounded.
The two-headed ogre hits you with a +0 giant club.
The two-headed ogre hits you but does no damage.
You sock the two-headed ogre!
The two-headed ogre is moderately wounded.
The two-headed ogre closely misses you.
The two-headed ogre hits you with a +0 dire flail.
You sock the two-headed ogre!
The two-headed ogre is heavily wounded.
The two-headed ogre hits you with a +0 giant club!!
The two-headed ogre hits you but does no damage.
You hit the two-headed ogre.
The two-headed ogre is severely wounded.
You hit the two-headed ogre but do no damage.
The two-headed ogre is severely wounded.
The two-headed ogre hits you with a +0 giant club!
The two-headed ogre closely misses you.
You hit the two-headed ogre.
Your headbutt misses the two-headed ogre.
The two-headed ogre is severely wounded.
The two-headed ogre hits you with a +0 giant club!
* * * LOW HITPOINT WARNING * * *
The two-headed ogre closely misses you.
You sock the two-headed ogre! You headbutt the two-headed ogre.
The two-headed ogre is almost dead.
The two-headed ogre hits you with a +0 giant club!!
You die...

#.# #.# ... ##.#
..# #..# ...#.#
#.## ##... #.# #.#
# .#'# ..# #†# .
##...###..# #.# #
#@O.##...# #.# .
##'#.#...# #)# #
#..###..# ##.## ###
#....†..#####..[#
#.#
#......#.........#
#.#
#.....#####.##...#
#.####### #.....##
#.######
##........###....##
#.#
............###.(#
#.#


You could see a two-headed ogre.

Vanquished Creatures
  Joseph (D:7)
  A komodo dragon (D:5)
  Prince Ribbit (D:7)
  A steam dragon (D:7)
  A hornet zombie (D:6)
  3 necrophages
  3 ogres
  A centaur (D:6)
  2 phantoms
  3 scorpions
  A wyvern skeleton (D:7)
  A killer bee (D:7)
  A wight (D:7)
  A bullfrog zombie (D:6)
  3 hounds
  2 jellies
  A bullfrog skeleton (D:6)
  A gnoll shaman (D:7)
  2 orc priests
  2 orc wizards
  2 iguanas (D:6)
  A hound skeleton (D:4)
  4 gnolls (D:7)
  10 adders
  3 ufetubi
  2 worms
  5 dart slugs
  4 orcs (D:5)
  4 ball pythons
  8 bats
  9 endoplasms
  3 giant cockroaches
  4 goblins
  2 hobgoblins
  6 kobolds
  2 quokkas
  3 frilled lizards
  6 rats
110 creatures vanquished.

Vanquished Creatures (collateral kills)
  A killer bee (D:7)
1 creature vanquished.

Vanquished Creatures (others)
  2 orcs (D:7)
  5 plants
7 creatures vanquished.

Grand Total: 118 creatures vanquished

Notes
Turn   | Place    | Note
-------+----------+-------------------------------------------
     0 | D:5      | cbfl8 the Minotaur Delver began the quest for the Orb.
     0 | D:5      | Reached XP level 1. HP: 19/19 MP: 0/0
     8 | Temple   | Entered the Ecumenical Temple
   147 | Temple   | Became a worshipper of Zin the Law-Giver
   263 | D:5      | Found a shimmering altar of Xom.
   265 | D:5      | Found a broken altar of Ashenzari.
   265 | D:5      | Found a hazy altar of Hepliaklqana.
   267 | D:5      | Found a bloodstained altar of Trog.
   267 | D:5      | Found a glowing golden altar of the Shining One.
   267 | D:5      | Found a blossoming altar of Fedhas.
   632 | D:5      | Noticed a hound
   640 | D:4      | Noticed a scorpion
   829 | D:4      | Reached XP level 2. HP: 22/27 MP: 1/1
   886 | D:4      | Identified the ring "Foiqumai" {rC+ Slay+2}
  1061 | D:1      | Reached XP level 3. HP: 28/33 MP: 2/2
  1452 | D:1      | Found a faded altar of an unknown god.
  1513 | D:1      | Reached skill level 1 in Armour
  2495 | D:2      | Reached XP level 4. HP: 40/40 MP: 3/3
  2643 | D:2      | Reached skill level 2 in Armour
  2939 | D:3      | Found Wulomi's Armour Shoppe.
  3428 | D:4      | Killed a scorpion
  3429 | D:4      | Reached skill level 3 in Armour
  3429 | D:4      | Reached XP level 5. HP: 26/47 MP: 4/4
  3752 | D:4      | Reached * piety under Zin
  3824 | D:4      | Noticed an ogre
  3882 | D:4      | Noticed a necrophage
  3893 | D:4      | Killed a necrophage
  3894 | D:4      | Reached XP level 6. HP: 51/53 MP: 5/5
  3895 | D:4      | Reached ** piety under Zin
  4118 | D:4      | Identified the +2 flail "Liwky" {vorpal, Int+3}
  4188 | D:4      | Reached skill level 5 in Axes
  4520 | D:5      | Reached skill level 4 in Armour
  4592 | D:5      | Reached skill level 1 in Maces & Flails
  4602 | D:5      | Reached XP level 7. HP: 55/60 MP: 6/6
  4691 | D:5      | Identified the +8 hand axe of Putrescence {vamp, rF+ Will+}
  4715 | D:5      | Noticed a komodo dragon
  4726 | D:5      | Killed a komodo dragon
  4727 | D:5      | Reached skill level 5 in Fighting
  4727 | D:5      | Reached skill level 5 in Stealth
  4996 | D:5      | Reached skill level 5 in Armour
  5601 | D:5      | Reached XP level 8. HP: 67/68 MP: 7/7
  5871 | D:6      | Found a large runed translucent door.
  5873 | D:6      | Found a large runed translucent door.
  5926 | D:6      | Reached skill level 5 in Maces & Flails
  6096 | D:6      | Reached skill level 6 in Armour
  6423 | D:6      | Noticed issech's ghost (novice TrMo)
  6431 | D:6      | Donated 92 gold pieces to Zin
  6448 | D:7      | Noticed Prince Ribbit
  6581 | D:7      | Reached skill level 7 in Armour
  7044 | D:7      | Noticed Joseph
  7098 | D:7      | Noticed Menkaure
  7110 | D:7      | Killed Joseph
  7111 | D:7      | Reached XP level 9. HP: 42/78 MP: 8/8
  7118 | D:7      | HP: 3/78 [poisoned by a killer bee]
  7465 | D:7      | Donated 57 gold pieces to Zin
  7698 | D:7      | Killed Prince Ribbit
  7699 | D:7      | Reached skill level 8 in Armour
  7699 | D:7      | Reached skill level 5 in Dodging
  7720 | D:7      | Reached *** piety under Zin
  7723 | D:7      | Noticed a two-headed ogre
  7733 | D:7      | Slain by a two-headed ogre

Illustrated notes

Levels and vault maps discovered:
D:1:      evilmike_arrival_hilbert_curve, layout_basic,
          shapermc_ecumenical_altar_totnotflames
D:2:      layout_basic
D:3:      layout_loops_ring, serial_shops, shop
D:4:      layout_rooms, hex_large, st_stairs_5, serial_bayou_pond_a
D:5:      nicolae_cairo_tiling, layout_loops_ring, doesnt_xom_only_xom,
          minmay_temple_entry_drinking_statues, grunt_ministairs_7
D:6:      layout_rooms, ebering_ghost_disaster_area
D:7:      minmay_slanted_spiral_squares, layout_loops_ring,
          nicolae_fountain_basement, uniq_prince_ribbit1, uniq_joseph,
          uniq_menkaure
Temple:   kilobyte_greek_temple

Skill      XL: |  1  2  3  4  5  6  7  8  9 |
---------------+----------------------------+-----
Fighting       | 4 5 6 |  6.8
Armour         | 1 3 4 5 7 8 |  8.0
Axes           | 3 4 5 6 |  6.4
Dodging        | 3 4 5 |  5.0
Maces & Flails | 1 3 6 7 |  7.3
Stealth        | 5 |  5.2
Invocations    | |  0.1

Action                   |  1- 3 |  4- 6 |  7- 9 || total
-------------------------+-------+-------+-------++-------
Melee: Hand axe          |    51 |    54 |       ||   105
       Headbutt          |    10 |    13 |    26 ||    49
       Punch             |       |     3 |     1 ||     4
       Flail             |       |    17 |   139 ||   156
Invok: Donate Gold       |       |       |     2 ||     2
       Vitalisation      |       |       |     1 ||     1
Evoke: Wand              |     1 |       |       ||     1
  Use: Scroll            |     7 |     1 |     4 ||    12
       Potion            |       |       |     1 ||     1
 Stab: Sleeping          |     1 |     1 |       ||     2
Armor: Leather armour    |     4 |       |       ||     4
       Ring mail         |    10 |       |       ||    10
       Scale mail        |     8 |    50 |    86 ||   144
Dodge: Dodged            |    39 |    42 |    75 ||   156
